 Dungeon Crawl Stone Soup version 0.28.0 (webtiles) character file.

Game seed: 12797922308202806389

43 Crownlay the Magician (level 3, 0/29 HPs)
             Began as a Djinni Venom Mage on Feb 16, 2022.
             Slain by a rat (2 damage)
             ... on level 2 of the Dungeon.
             The game lasted 00:03:13 (2437 turns).

Crownlay the Magician (Djinni Venom Mage)           Turns: 2437, Time: 00:03:13

Health: 0/29       AC:  2    Str:  5 (7)  XL:     3   Next: 82%
Gold:   55         EV: 12    Int: 15 (18) God:
                   SH:  0    Dex: 11 (13)

rFire   + + .      SeeInvis .   b - +0 dagger
rCold   x . .      Faith    .   (no shield)
rNeg    . . .      Spirit   .   a - +0 robe
rPois   ∞          Reflect  .   (no helmet)
rElec   .          Harm     .   (no cloak)
rCorr   .          Rampage  .   (no gloves)
Will    .....                   (boots unavailable)
Stlth   ++........              (no amulet)
HPRegen 0.09/turn               (no ring)
MPRegen 0.00/turn               (no ring)

@: flying
A: sickness immunity, fire resistance 2, cold vulnerability 1, float, innate
caster, HP casting, extra vitality 1
a: no special abilities


You were on level 2 of the Dungeon.
You visited 1 branch of the dungeon, and saw 2 of its levels.

You collected 55 gold pieces.

Inventory:

Hand Weapons
 b - a +0 dagger (weapon)
Armour
 a - a +0 robe (worn)
Scrolls
 e - a scroll of fear {unknown}
 g - a scroll of identify {unknown}
Potions
 h - a potion of magic {unknown}


   Skills:
 * Level 2.3 Fighting
 - Level 2.1 Dodging
 - Level 1.5 Stealth
 + Level 2.9 Spellcasting


You couldn't memorise any spells.
You knew the following spells:

 Your Spells              Type           Power      Damage    Failure   Level
a - Sting                 Tmut/Pois      40%        1d5       6%          1
b - Poisonous Vapours     Pois/Air       20%        N/A       10%         2
c - Mephitic Cloud        Conj/Pois/Air  10%        N/A       19%         3
d - Olgreb's Toxic Radia  Pois           10%        N/A       52%         4
e - Summon Small Mammal   Summ           40%        N/A       6%          1
Your spell library was empty.

Dungeon Overview and Level Annotations

Branches:
Dungeon (2/15)

Altars:


Innate Abilities, Weirdness & Mutations

You are immune to sickness and miasma.
You are immune to poison.
Your flesh is very heat resistant. (rF++)
You are vulnerable to cold. (rC-)
You float through the air rather than walking.
You learn spells naturally, not from books.
Your magical power is your life essence.
You have superior vitality. (+4 MHP)


Message History

You kill the rat!
The rat closely misses you.
You see here a rat corpse.
You closely miss the rat. The rat closely misses you.
You hit the rat.
You kill the rat!
A rat comes into view.
A rat comes into view.
The rat moves out of view.
You see here a rat corpse.
A rat comes into view.
The rat closely misses you.
A rat comes into view.
Things that are here:
a rat corpse; a rat corpse You hit the rat.
You kill the rat!
The rat bites you. The rat barely misses you.
You hit the rat.
The rat is heavily wounded.
The rat barely misses you. x2; The rat closely misses you.
You barely miss the rat. Your punch misses the rat.
The rat is heavily wounded.
The rat bites you. The rat barely misses you.
Found 14 stones.
The rat bites you.
* * * LOW HITPOINT WARNING * * *
The rat barely misses you. The rat bites you.
* * * LOW HITPOINT WARNING * * *
The rat barely misses you.
You closely miss the rat. The rat barely misses you.
The rat bites you but does no damage. The rat bites you.
* * * LOW HITPOINT WARNING * * *
The rat misses you. The rat bites you.
* * * LOW HITPOINT WARNING * * *
The rat bites you.
* * * LOW HITPOINT WARNING * * *
The rat closely misses you. The rat bites you.
You die...

#.# ##
#.##########
#..#........
##.#.####### #.#.#
#.#.#######
########..........
#.††.......#######
##@##########
##rr### #..rr.#
#.....###
##....#.# #...##.#
.####..# .##...###
( #...#


You could see 4 rats.

Vanquished Creatures
  A worm (D:2)
  A bat (D:1)
  2 endoplasms (D:1)
  A giant cockroach (D:1)
  7 goblins
  3 hobgoblins
  3 quokkas
  A ball python (D:1)
  2 frilled lizards (D:2)
  3 kobolds
  17 rats
41 creatures vanquished.

Notes
Turn   | Place    | Note
-------+----------+-------------------------------------------
     0 | D:1      | Crownlay the Djinni Venom Mage began the quest for the Orb.
     0 | D:1      | Reached XP level 1. HP: 15/15 MP: 0/0
   299 | D:1      | Reached XP level 2. HP: 20/22 MP: 0/0
   348 | D:1      | Reached skill level 1 in Fighting
  1540 | D:1      | Reached XP level 3. HP: 25/27 MP: 0/0
  1540 | D:1      | Learned a level 1 spell: Summon Small Mammal
  2436 | D:2      | HP: 1/29 [rat (2)]
  2437 | D:2      | Slain by a rat

Illustrated notes

Levels and vault maps discovered:
D:1:      nzn_arrival_settlement, layout_loops_cross, serial_bayou_pond_e,
          minmay_door_square, minmay_misc_feat_rugged
D:2:      layout_loops_ring, minmay_rat_hole

Skill      XL: |  1  2  3 |
---------------+----------+-----
Fighting       | 1 2 |  2.3
Dodging        | |  2.1
Stealth        | |  1.5
Spellcasting   | |  2.9

Action                   || total
-------------------------++-------
Melee: Dagger            ||    23
       Punch             ||     1
 Cast: Sting             ||    68
       Poisonous Vapours ||    12
       Mephitic Cloud    ||     2
  Use: Potion            ||     3
Armor: Robe              ||    11
Dodge: Dodged            ||    33
